 Dungeon Crawl Stone Soup version 0.19-a0-1891-ge1d1fe8 (webtiles) character file.

2 Flanowski the Ruffian (level 1, -1/18 HPs)
             Began as a Naga Transmuter on Oct 18, 2016.
             Slain by a kobold
             ... wielding a +2 short sword of draining
              (5 damage)
             ... on level 1 of the Dungeon.
             The game lasted 00:00:32 (185 turns).

Flanowski the Ruffian (Naga Transmuter)              Turns: 185, Time: 00:00:33

Health: -1/18      AC:  1    Str: 12    XL:     1   Next: 40%
Magic:  2/3        EV:  9    Int: 13    God:
Gold:   40         SH:  0    Dex: 11    Spells: 1 memorised, 3 levels left

rFire  . . .     SeeInvis +       - Unarmed
rCold  . . .     Gourm    .     b - +0 robe
rNeg   . . .     Faith    .     (no shield)
rPois  +         Spirit   .     (no helmet)
rElec  .         Reflect  .     (no cloak)
rCorr  .         Harm     .     (no gloves)
MR     .....                    (no barding)
Stlth  +.........               (no amulet)
                                (no ring)
                                (no ring)

@: appendage (expiring), drained, very slow
A: horns 2, see invisible, deformed body, poison resistance, slowness 2, slow
metabolism 1, spit poison 1, AC +0
a: Spit Poison, End Transformation


You were on level 1 of the Dungeon.
You were not hungry.
You had grown temporary horns.
You visited 1 branch of the dungeon, and saw 1 of its levels.

You collected 40 gold pieces.

Inventory:

Missiles
 a - 12 arrows
Armour
 b - a +0 robe (worn)
Jewellery
 h - an uncursed ring of wizardry {unknown}
Potions
 e - a potion of curing {unknown}
 i - a potion of might {unknown}
Books
 c - a book of Changes

   Spells                             Type                      Level
   a - Beastly Appendage              Transmutation                1
   b - Sticks to Snakes               Transmutation                2
   c - Spider Form                    Transmutation/Poison         3
   d - Ice Form                       Ice/Transmutation            4
   e - Blade Hands                    Transmutation                5
Comestibles
 d - a bread ration
 f - 2 beef jerkies
 g - 3 chunks of flesh


   Skills:
 * Level 1.0(0.4) Fighting
 - Level 1.5(1.0) Dodging
 + Level 3.1(2.5) Unarmed Combat
 - Level 2.0(1.4) Spellcasting
 * Level 2.1(1.6) Transmutations


You had 3 spell levels left.
You knew the following spells:

 Your Spells              Type           Power        Failure   Level  Hunger
a - Beastly Appendage     Tmut           #.....       17%         1    ##.....


Dungeon Overview and Level Annotations

Branches:
Dungeon (1/15)

Altars:


Innate Abilities, Weirdness & Mutations

You cannot wear boots.
Your serpentine skin is tough. (AC +0)
You have supernaturally acute eyesight. (SInv)
Armour fits poorly on your strangely shaped body.
Your system is resistant to poisons. (rPois)
You cover ground very slowly.
You have a slow metabolism.
You can spit poison.
You have a pair of horns on your head.


Message History

You see here a stone.
You barely miss the goblin.
The kobold throws a stone.
The stone hits you. The goblin closely misses you.
You hit the goblin but do no damage. The goblin hits you but does no damage.
The bat hits you.
You hit the bat but do no damage. The bat barely misses you.
The bat closely misses you. The goblin barely misses you.
The kobold hits you with a short sword of draining.
You feel drained. The bat closely misses you.
You closely miss the bat. The bat hits you. The goblin closely misses you.
The kobold hits you with a short sword of draining!
* * * LOW HITPOINT WARNING * * *
You feel drained.
Casting: Beastly Appendage
Confirm with . or Enter, or press ? or * to list all spells.
You grow a pair of large bovine horns.
Your transformation is almost over.
The bat hits you but does no damage. The goblin closely misses you.
The kobold hits you with a short sword of draining.
You die...

#.# .......
#.## #........
#..# #........
##.# #........
#.###.......#
#..##.......#
#..(.........
#...(g...##
#....@g..#
#.....K..#
.......b...#
.......(....#
........?)..#
.............
.....####.#...
.... ...###


You could see a hobgoblin, a goblin, a bat and a kobold.

Vanquished Creatures
  A goblin (D:1)
  A frilled lizard (D:1)
  A rat (D:1)
3 creatures vanquished.

Notes
Turn   | Place    | Note
-------+----------+-------------------------------------------
     0 | D:1      | Flanowski the Naga Transmuter began the quest for the Orb.
     0 | D:1      | Reached XP level 1. HP: 18/18 MP: 3/3
   185 | D:1      | Slain by a kobold

Vault maps used:
D:1:      onia_arrival_mini_maze

Action                   || total
-------------------------++-------
Melee: Unarmed           ||    11
 Cast: Beastly Appendage ||     2
Armor: Robe              ||     3
Dodge: Dodged            ||    10
